 Dungeon Crawl Stone Soup version 0.31.0-1-g2c135a0 (webtiles) character file.

Game seed: 5314224655527665437

1746430 Dogchiho the Conqueror (level 26, 186/186 HPs)
             Began as a Minotaur Fighter on Apr 4, 2024.
             Was an Elder of Okawaru.
             Escaped with the Orb
             ... and 3 runes!
             The game lasted 04:08:46 (63740 turns).

Dogchiho the Conqueror (Minotaur Fighter)          Turns: 63740, Time: 04:08:47

Health: 186/186    AC: 54    Str: 26    XL:     26   Next: 56%
Magic:  21/21      EV: 14    Int: 12    God:    Okawaru [****..]
Gold:   5955       SH: 33    Dex: 14    Spells: 25/25 levels left

rFire   + . .        p - +7 broad axe of Accord {speed, rN++ Str+3}
rCold   x . .        z - +8 tower shield {AC+3}
rNeg    + + .        I - +8 orange crystal plate armour {Archmagi, Int+3 Clar}
rPois   +            o - +1 hat
rElec   +            Q - scarf {repulsion}
rCorr   .            Y - +1 pair of gloves {hurl}
SInv    .            G - +2 pair of boots
Will    +....        T - amulet of Nompo {Acrobat rPois Regen+ Str+4 Dex-3} Stlth
                     Z - ring "Esomuc" {rF+ AC+4 Str+2 Dex+3}
HPRegen 1.31/turn    e - ring "Jaix" {Fire rElec Str-5 Dex+3 Stlth+}
MPRegen 0.17/turn

%: repel missiles, acrobat, clarity, archmagi
@: no status effects
A: horns 2, retaliatory headbutt, berserk 2, clumsy 1, deterioration 1, frail 3,
low MP 3, teleportitis 1, weak 2, heat vulnerability 1
0: Orb of Zot
}: 3/15 runes: decaying, serpentine, silver
a: Renounce Religion, Heroism, Finesse


You escaped.
You worshipped Okawaru.
Okawaru was greatly pleased with you.
You visited 11 branches of the dungeon, and saw 49 of its levels.
You visited the Abyss 3 times.

You collected 8389 gold pieces.
You spent 2434 gold pieces at shops.

Inventory:

Hand Weapons
 p - the +7 broad axe of Accord (weapon) {speed, rN++ Str+3}
   (Okawaru gifted it to you on level 12 of the Dungeon)

   Str+3:     It affects your strength (+3).
   rN++:      It greatly protects you from negative energy.
 r - a +5 broad axe of flaming
Missiles
 O - 14 javelins
Armour
 o - a +1 hat (worn)
 z - a +8 tower shield of protection (worn)
 G - a +2 pair of boots (worn)
 I - the +8 orange crystal plate armour (worn) {Archmagi, Int+3 Clar}
   (Okawaru gifted it to you on level 12 of the Dungeon)

   Int+3:     It affects your intelligence (+3).
   Clar:      It protects you from confusion, rage, mesmerisation and fear.
 Q - a scarf of repulsion (worn)
 Y - a +1 pair of gloves of hurling (worn)
Magical Staves
 A - a staff of conjuration
Jewellery
 b - a ring of willpower
 e - the ring "Jaix" (right hand) {Fire rElec Str-5 Dex+3 Stlth+}
   (You bought it in a shop on level 1 of the Vaults)

   [ring of fire]

   Fire:      It enhances your fire magic.
   Str-5:     It affects your strength (-5).
   Dex+3:     It affects your dexterity (+3).
   rF+:       It protects you from fire.
   rC-:       It makes you vulnerable to cold.
   rElec:     It insulates you from electricity.
   Stlth+:    It makes you more stealthy.
 n - a ring of protection from cold
 u - the ring of Letippej {rPois rN+ rCorr Int-5 Dex+7}
   (You bought it in a shop on level 2 of the Orcish Mines)

   [ring of resist corrosion]

   Int-5:     It affects your intelligence (-5).
   Dex+7:     It affects your dexterity (+7).
   rPois:     It protects you from poison rN+: It protects you from negative
   energy.
   rCorr:     It protects you from acid and corrosion.
 H - a ring of flight
 M - the ring of Liberalism {+Blink rPois Will+}
   (You found it on level 3 of the Elven Halls)

   [ring of willpower]

   rPois:     It protects you from poison Will+: It increases your willpower.
   +Blink:    It lets you blink.
 T - the amulet of Nompo (around neck) {Acrobat rPois Regen+ Str+4 Dex-3}
   (You found it on level 12 of the Dungeon)

   [amulet of the acrobat]

   Acrobat:   It increases your evasion while moving and waiting.
   Str+4:     It affects your strength (+4).
   Dex-3:     It affects your dexterity (-3).
   rPois:     It protects you from poison Regen+: It increases your rate of
   health regeneration.
 Z - the ring "Esomuc" (left hand) {rF+ AC+4 Str+2 Dex+3}
   (You found it on level 3 of the Elven Halls)

   [ring of protection]

   AC+4:      It affects your AC (+4).
   Str+2:     It affects your strength (+2).
   Dex+3:     It affects your dexterity (+3).
   rF+:       It protects you from fire.
Wands
 m - a wand of quicksilver (7)
 w - a wand of roots (10)
 B - a wand of digging (12)
Scrolls
 a - a scroll of silence
 f - 4 scrolls of enchant weapon
 i - 9 scrolls of fog
 l - a scroll of vulnerability
 v - a scroll of brand weapon
 y - 4 scrolls of blinking
 C - 14 scrolls of teleportation
 D - 8 scrolls of poison
 E - 12 scrolls of identify
 F - a scroll of torment
 J - 10 scrolls of amnesia
 K - 4 scrolls of fear
 N - 10 scrolls of immolation
 P - 6 scrolls of revelation
 R - 2 scrolls of summoning
Potions
 d - 6 potions of might
 g - 6 potions of cancellation
 h - 5 potions of berserk rage
 j - a potion of ambrosia
 k - 7 potions of enlightenment
 q - 11 potions of curing
 s - 4 potions of resistance
 t - 4 potions of haste
 x - 6 potions of brilliance
 W - 4 potions of invisibility
 X - 8 potions of magic


   Skills:
 O Level 27 Fighting
 - Level 18.0 Axes
 - Level 18.0 Throwing
 O Level 27 Armour
 + Level 17.1 Dodging
 O Level 27 Shields
 - Level 13.0 Invocations


You had 25 spell levels left.
You didn't know any spells.
Your spell library contained the following spells:

 Spells                   Type           Power      Damage    Failure   Level
 Apportation              Tloc           0%         N/A       91%         1
 Magic Dart               Conj           0%         1d3       91%         1
 Necrotise                Necr           0%         1d4       91%         1
 Sandblast                Erth           0%         2d4       91%         1
 Shock                    Conj/Air       0%         1d3       91%         1
 Sting                    Conj/Alch      0%         1d3       91%         1
 Blink                    Tloc           0%         N/A       97%         2
 Ensorcelled Hibernation  Hex/Ice        0%         N/A       97%         2
 Jinxbite                 Hex            0%         N/A       97%         2
 Searing Ray              Conj           0%         2d4       97%         2
 Static Discharge         Conj/Air       0%         3-3/arc   97%         2
 Sublimation of Blood     Necr           0%         N/A       97%         2
 Dazzling Flash           Conj/Hex       0%         N/A       100%        3
 Fugue of the Fallen      Necr           0%         N/A       100%        3
 Gell's Gravitas          Tloc           0%         N/A       100%        3
 Hailstorm                Conj/Ice       0%         3d5       100%        3
 Inner Flame              Hex/Fire       0%         N/A       100%        3
 Ozocubu's Armour         Ice            0%         N/A       100%        3
 Passwall                 Erth           0%         N/A       100%        3
 Stone Arrow              Conj/Erth      0%         3d7       100%        3
 Teleport Other           Tloc           0%         N/A       100%        3
 Vampiric Draining        Necr           0%         2d6       100%        3
 Anguish                  Hex/Necr       0%         N/A       100%        4
 Brom's Barrelling Bould  Conj/Erth      0%         2d3       100%        4
 Cause Fear               Hex            0%         N/A       100%        4
 Dimensional Bullseye     Hex/Tloc       0%         N/A       100%        4
 Flame Wave               Conj/Fire      0%         2d4       100%        4
 Fulminant Prism          Conj/Alch      0%         3d5       100%        4
 Ignite Poison            Fire/Alch      0%         N/A       100%        4
 Iskenderun's Mystic Bla  Conj/Tloc      0%         2d3       100%        4
 Manifold Assault         Tloc           0%         N/A       100%        4
 Passage of Golubria      Tloc           0%         N/A       100%        4
 Petrify                  Alch/Erth      0%         N/A       100%        4
 Sticky Flame             Fire/Alch      0%         2d4       100%        4
 Vhi's Electric Charge    Tloc/Air       0%         N/A       100%        4
 Arcjolt                  Conj/Air       0%         1d10      100%        5
 Curse of Agony           Necr           0%         N/A       100%        5
 Fireball                 Conj/Fire      0%         3d3       100%        5
 Irradiate                Conj/Alch      0%         3d11      100%        5
 Iskenderun's Battlesphe  Conj           0%         2d6       100%        5
 Metabolic Englaciation   Hex/Ice        0%         N/A       100%        5
 Yara's Violent Unravell  Hex/Alch       0%         3d3       100%        5
 Bombard                  Conj/Erth      0%         9d1       100%        6
 Conjure Ball Lightning   Conj/Air       0%         3x3d6     100%        6
 Dispersal                Tloc           0%         N/A       100%        6
 Eringya's Noxious Bog    Alch           0%         4d6       100%        6
 Plasma Beam              Fire/Air       0%         2x1d10    100%        6
 Starburst                Conj/Fire      0%         6d3       100%        6
 Enfeeble                 Hex            0%         N/A       100%        7
 Orb of Destruction       Conj           0%         9d5       100%        7
 Disjunction              Tloc           0%         N/A       100%        8
 Ignition                 Fire           0%         3d3       100%        8
 Maxwell's Capacitive Co  Air            0%         ∞         100%        8
 Summon Small Mammal      Summ           Unusable   N/A       N/A         1
 Call Imp                 Summ           Unusable   N/A       N/A         2
 Summon Ice Beast         Ice/Summ       Unusable   N/A       N/A         3
 Tukima's Dance           Hex            Unusable   N/A       N/A         3
 Martyr's Knell           Necr/Summ      Unusable   N/A       N/A         4
 Summon Blazeheart Golem  Fire/Summ      Unusable   N/A       N/A         4
 Summon Forest            Summ/Tloc      Unusable   N/A       N/A         5
 Summon Mana Viper        Hex/Summ       Unusable   N/A       N/A         5
 Sculpt Simulacrum        Ice/Alch       Unusable   N/A       N/A         6
 Spellforged Servitor     Conj/Summ      Unusable   N/A       N/A         7
 Summon Hydra             Summ           Unusable   N/A       N/A         7
 Dragon's Call            Summ           Unusable   N/A       N/A         9

Dungeon Overview and Level Annotations

Branches:
Dungeon (15/15)            Temple (1/1) D:6            Lair (5/5) D:8
  Swamp (4/4) Lair:2        Snake (4/4) Lair:3        Slime (0/5) Lair:5
    Orc (2/2) D:11            Elf (3/3) Orc:2        Vaults (5/5) D:13
  Crypt (0/3) Vaults:2     Depths (4/4) D:15           Hell (visited)
    Zot (5/5) Depths:4
    Dis: Hell:1         Geh: Hell:1         Coc: Hell:1         Tar: Hell:1

Altars:
Ashenzari
Cheibriados
Dithmenos
Elyvilon
Fedhas
Gozag
Hepliaklqana
Kikubaaqudgha
Makhleb
Nemelex Xobeh
Okawaru
Qazlal
Ru
Sif Muna
Trog
Uskayaw
Vehumet
Wu Jian
Xom
Yredelemnul
Zin
The Shining One
Lugonu

Shops:
D:2 !   D:9 [   D:11 [   D:12 ?   Orc:2 **===[   Elf:1 *   Elf:2 [(   Elf:3 [=
Snake:2 (((   Snake:3 *(   Vaults:1 =*   Depths:1 ==:   Depths:2 *   Depths:3 [
Depths:4 !

Portals:
Hell: Depths:1 Depths:2 Depths:3 Depths:4
Abyss: Lair:5 Depths:3
Pandemonium: Depths:2 Depths:3 Depths:4
Ziggurat: Depths:1

Annotations:
D:10 3 runed translucent doors, mezmerelda's ghost, novice HOFi
D:11 3 runed translucent doors, Biscolet's ghost, journeyman FoHu
D:13 3 runed translucent doors, HilariousDeathArtist's ghost, journeyman VSBe
Swamp:3 exclusions: oklob plant and oklob sapling
Hell Geryon
Zot:2 2 transporters, Alunk's ghost, legendary GnFi
Zot:5 4 transporters


Innate Abilities, Weirdness & Mutations

You have a pair of horns on your head.
You reflexively headbutt those who attack you in melee.
You have an uncontrollable temper.
You are clumsy. (Dex -2)
Your body sometimes deteriorates upon taking damage.
You are extremely frail. (-30% HP)
Your magical capacity is extremely low. (-30% MP)
You are occasionally teleported next to monsters.
You are very weak. (Str -4)
You are vulnerable to heat. (rF-)


Message History

The sixfirhy misses you. You block the sixfirhy's attack. x3
You block the sixfirhy's attack.
You see here a +0 club.
You block the sixfirhy's attack. x3
The sixfirhy attacks as it pursues you! You block the sixfirhy's attack. x2
You block the sixfirhy's attack. x4
You slash the sixfirhy!
The sixfirhy is moderately wounded.
You block the sixfirhy's attack. x2
You slice the sixfirhy!!
You kill the sixfirhy!
Okawaru accepts your kill.
You block the large abomination's attack.
You block the chaos spawn's attack.
You slash the large abomination!
You headbutt the large abomination, but do no damage.
The large abomination is lightly damaged.
You slash the chaos spawn!
You block the large abomination's attack.
You cut the large abomination into ribbons!!!
The large abomination is severely damaged.
You slash the chaos spawn! You block the chaos spawn's attack.
You hit the chaos spawn. You headbutt the chaos spawn.
You kill the chaos spawn!
Okawaru accepts your kill.
The chaos spawn degenerates into a cloud of primal chaos!
You hit the large abomination.
You block the large abomination's attack.
You completely miss the large abomination.
The large abomination is almost destroyed.
You slash the large abomination!
You destroy the large abomination!
Okawaru accepts your kill.
You feel your intelligence returning.
No target in view!
No target in view!
There is an open door here.
There is a staircase leading out of the dungeon here.
You have escaped!

########.###########....##.#[..
#............................#+
##.#####.###########.#..##.#.#.
#.# #...................###.
#.# #############.#.#...###.
#.# #....).....#X###..##. #.#
#.♣♣♣♣♣###.#.####.##. #.#
#.♣♣♣♣ #.#.#.......
#.########.#♣@♣# #.#.'..X....
#..........#8.8# #.###......#
#########.###'## #.# #......#
#.....# #.# #......# #######
#.# #......# #.##########
#.##......## #.##.###....
#.##.# #....


There were no monsters in sight!

Vanquished Creatures
  A dread lich (Zot:5)
  2 ancient liches
  7 orbs of fire (Zot:5)
  3 juggernauts (Depths:2)
  Bai Suzhen (Swamp:4)
  Saint Roka (Snake:2)
  Boris (Vaults:2)
  Vashnia (Snake:2)
  2 curse toes
  2 caustic shrikes
  4 Killer Klowns
  5 golden dragons
  A profane servitor (D:12)
  4 electric golems
  2 bone dragons (Abyss:3)
  A Brimstone Fiend (D:13)
  A Tzitzimitl (D:13)
  21 tentacled monstrosities
  A walking earthen tome (Depths:3)
  27 Orb Guardians
  2 liches
  A walking frostbound tome (Depths:2)
  Jorgrun (D:13)
  6 titans
  Asterion (Snake:1)
  An Executioner (D:8)
  3 quicksilver dragons
  A walking divine tome (Depths:2)
  3 deep elf blademasters
  A pandemonium lord (D:2)
  5 sphinxes
  Gastronok (D:8)
  2 deep elf master archers (Elf:3)
  2 tentacled starspawn (Abyss:3)
  14 death cobs
  The ghost of Polaczum the Brawler, an adept TrMo of Nemelex Xobeh (Depths:1)
  5 tengu reavers
  6 thorn hunters
  15 shadow dragons
  5 draconian monks
  10 storm dragons
  10 protean progenitors
  Aizul (Snake:2)
  A fenstrider witch (Swamp:2)
  10 nagarajas
  11 fire giants
  Donald (Swamp:1)
  An iron dragon (Depths:3)
  3 frost giants
  7 deep elf sorcerers
  11 draconian knights
  7 deep elf elementalists
  8 draconian shifters
  12 vault wardens
  3 orc warlords
  3 ghost moths
  7 draconian stormcallers
  2 draconian scorchers
  3 ghouls (Swamp:2)
  13 ironbound preservers
  A spriggan defender (Depths:3)
  24 very ugly things
  5 draconian annihilators
  A cacodemon (Depths:1)
  4 reapers
  4 formless jellyfish
  3 ironbound thunderhulks
  3 vampire knights
  21 stone giants
  6 bunyips
  11 black draconians
  7 deep elf demonologists
  7 deep elf death magi
  13 green draconians
  9 yellow draconians
  6 deep elf annihilators
  A lorocyproca (Abyss:3)
  11 red draconians
  Azrael (Snake:1)
  5 eleionomae
  4 dire elephants
  4 spark wasps (Depths:2)
  14 purple draconians
  4 war gargoyles
  11 white draconians
  18 ettins
  2 crystal guardians
  Josephine (Orc:2)
  2 merfolk impalers (Depths:1)
  A merfolk javelineer (Depths:4)
  11 yaktaur captains
  An entropy weaver (shapeshifter) (Elf:3)
  2 green deaths
  7 great orbs of eyes
  An entropy weaver (Vaults:1)
  7 deep elf high priests
  Fannar (Orc:1)
  8 fire dragons
  8 ice dragons
  2 shambling mangroves (Swamp:3)
  A spriggan air mage (Depths:3)
  A spriggan skeleton (Depths:1)
  3 rakshasas
  39 vault guards
  3 ghost crabs
  2 jorogumos (Zot:3)
  17 hydras
  Erica (D:10)
  A death knight (D:14)
  7 anacondas
  4 ogre magi
  5 ironbound frosthearts
  6 peacekeepers
  2 radroaches (Zot:1)
  A catoblepas (Lair:4)
  10 two-headed ogres
  12 alligators
  5 boulder beetles
  9 centaur warriors
  15 deep troll shamans
  4 tengu warriors
  2 satyrs (Zot:2)
  4 thrashing horrors (Lair:5)
  14 deep troll earth magi
  22 naga warriors
  30 dancing weapons
  11 death yaks
  3 occultists
  A vampire mage (Depths:4)
  An orc high priest (Orc:2)
  13 shock serpents
  A spriggan berserker (Swamp:4)
  13 naga sharpshooters
  2 soul eaters (Depths:4)
  A shadow wraith (Vaults:5)
  3 wretched stars (Abyss:3)
  24 deep elf knights
  6 hell knights
  2 sun demons
  Lodul (D:11)
  5 skeletal warriors (D:14)
  A goliath frog (Swamp:3)
  52 deep trolls
  17 iron trolls
  4 sixfirhies
  3 death drakes (Depths:2)
  A spriggan druid (Swamp:4)
  18 mana vipers
  5 salamander mystics
  2 flayed ghosts
  6 arcanists
  6 glowing orange brains
  12 swamp dragons
  A sea snake (shapeshifter) (Vaults:4)
  Pikel (D:7)
  2 shadow demons
  12 bog bodies
  A deep troll (shapeshifter) (Vaults:4)
  7 phantasmal warriors
  16 ironbound convokers
  6 necromancers
  13 deep elf archers
  17 orc knights
  4 harpies (Vaults:2)
  26 naga ritualists
  6 lindwurms (Vaults:1)
  11 large abominations
  31 deep elf pyromancers
  33 deep elf zephyrmancers
  A wolf spider (D:15)
  37 ugly things
  4 orc sorcerers
  Maurice (D:8)
  3 will-o-the-wisps
  6 cyclopes
  A worldbinder (Abyss:3)
  7 spectral spriggans (Swamp:2)
  3 manticores
  11 salamanders
  21 moths of wrath
  A toenail golem (D:12)
  An elephant (shapeshifter) (Vaults:5)
  Joseph (D:8)
  6 meliai
  A meliai (shapeshifter) (D:14)
  36 black mambas
  3 elephants (Lair:4)
  2 kobold blastminers
  21 vault sentinels
  13 guardian serpents
  3 smoke demons
  2 rust devils
  An unseen horror (shapeshifter) (Lair:5)
  27 naga magi
  2 gargoyles
  3 unseen horrors
  6 cane toads
  A kobold demonologist (Abyss:3)
  5 rime drakes
  37 yaktaurs
  A tormentor (D:15)
  2 tengu conjurers (Depths:2)
  3 freezing wraiths
  6 komodo dragons
  An efreet (Zot:5)
  A red devil (D:10)
  2 ancient zymes (Abyss:3)
  A bloated husk (Swamp:2)
  4 hornets
  12 trolls
  4 polar bears
  5 tyrant leeches
  2 hellwings
  A wind drake (shapeshifter) (Lair:5)
  29 blink frogs
  10 raiju
  6 dream sheep (Lair:3)
  A spectral black mamba (Lair:2)
  2 stone giant simulacra
  A spectral dream sheep (Lair:2)
  A centaur simulacrum (D:14)
  3 jumping spiders (Zot:1)
  36 slime creatures
  A yak (shapeshifter) (Vaults:5)
  8 air elementals
  3 wyverns
  A culicivora (shapeshifter) (Elf:1)
  10 water elementals
  2 shadows
  7 wraiths
  60 yaks
  3 ynoxinuls
  2 spriggans
  2 vampires
  A human (D:13)
  6 fire elementals
  A fire bat (shapeshifter) (Vaults:5)
  Menkaure (D:5)
  6 basilisks
  3 chaos spawn
  3 steam dragons
  2 wargs
  6 redbacks
  2 neqoxecs (Abyss:3)
  2 vampire mosquitoes (D:13)
  62 nagas
  A glowing shapeshifter zombie (Depths:1)
  11 swamp worms
  6 hell hounds
  16 water moccasins
  3 ice beasts
  4 swamp drakes (Swamp:4)
  2 spectral yaks (Lair:2)
  12 laughing skulls
  A sky beast (shapeshifter) (Vaults:4)
  A human zombie (Vaults:1)
  22 orc warriors
  2 black bears
  A sky beast (D:8)
  30 wolves
  16 centaurs
  33 ogres
  2 lemures (D:7)
  A kobold brigand (D:8)
  3 brain worms (Abyss:3)
  A weeping skull (Abyss:3)
  A gnoll sergeant (D:12)
  A spectral water moccasin (Lair:2)
  2 scorpions
  10 small abominations
  11 bullfrogs
  3 earth elementals (Elf:2)
  2 human simulacra (Vaults:1)
  5 wights (D:9)
  10 killer bees
  2 electric eels (D:13)
  5 howler monkeys
  2 hounds
  4 jellies
  6 starcursed masses (Abyss:3)
  16 orc priests
  A gnoll bouda (D:8)
  3 sleepcaps
  Crazy Yiuf (D:2)
  An iguana (D:5)
  20 orc wizards
  17 gnolls
  7 adders
  2 white imps (D:6)
  11 ufetubi
  2 dart slugs (D:1)
  2 ribbon worms (D:3)
  62 orcs
  7 bats
  10 endoplasms
  2 giant cockroaches
  4 goblins
  14 hobgoblins
  5 jackals
  4 quokkas
  5 ball pythons
  3 frilled lizards
  7 kobolds
  3 rats (D:1)
  3 aspiring fleshes
  A lurking horror (Abyss:3)
2201 creatures vanquished.

Vanquished Creatures (others)
  A draconian monk (Zot:1)
  A white draconian (Zot:1)
  An alligator (Swamp:2)
  3 deep elf knights (Elf:2)
  A deep troll (Depths:3)
  A spectral spriggan (Swamp:2)
  A yaktaur (Vaults:1)
  4 bloated husks
  A blink frog (Lair:5)
  A water elemental (Elf:3)
  An orc warrior (Snake:2)
  An orc priest (Vaults:5)
  An orc (Snake:2)
  4 foxfires (Abyss:3)
  2 starspawn tentacles (Abyss:3)
24 creatures vanquished.

Grand Total: 2225 creatures vanquished

Notes
Turn   | Place    | Note
-------+----------+-------------------------------------------
     0 | D:1      | Dogchiho the Minotaur Fighter began the quest for the Orb.
     0 | D:1      | Reached XP level 1. HP: 19/19 MP: 0/0
   106 | D:1      | Reached XP level 2. HP: 26/27 MP: 1/1
   335 | D:1      | Reached XP level 3. HP: 33/33 MP: 2/2
   916 | D:2      | Found Tinynnaa's Distillery.
  1092 | D:2      | Found a shadowy altar of Dithmenos.
  1112 | D:2      | Reached XP level 4. HP: 40/40 MP: 3/3
  1122 | D:2      | Found a runed translucent door.
  1123 | D:2      | Noticed Crazy Yiuf
  1320 | D:2      | Killed Crazy Yiuf
  1619 | D:4      | Noticed a black bear
  1621 | D:4      | Killed a black bear
  1622 | D:4      | Reached XP level 5. HP: 47/47 MP: 4/4
  1648 | D:3      | Reached skill level 5 in Axes
  2131 | D:4      | Reached XP level 6. HP: 50/53 MP: 5/5
  2140 | D:4      | Found a radiant altar of Vehumet.
  2141 | D:4      | Found a sacrificial altar of Ru.
  2600 | D:4      | Reached skill level 5 in Armour
  2692 | D:5      | Entered Level 5 of the Dungeon
  2784 | D:5      | Reached skill level 5 in Fighting
  2784 | D:5      | Reached skill level 5 in Shields
  2958 | D:5      | Reached XP level 7. HP: 58/61 MP: 6/6
  2983 | D:5      | Noticed Menkaure
  3088 | D:5      | Killed Menkaure
  3868 | D:5      | Reached XP level 8. HP: 70/70 MP: 7/7
  4316 | D:6      | Found a staircase to the Ecumenical Temple.
  4334 | Temple   | Entered the Ecumenical Temple
  5011 | D:7      | Identified the +6 rapier of Geucuacw {pain, rN+ Dex+3}
  5541 | D:8      | Noticed Pikel
  5573 | D:7      | Killed Pikel
  5574 | D:7      | Reached XP level 9. HP: 36/79 MP: 8/8
  5779 | D:8      | Found a staircase to the Lair.
  5781 | D:8      | Noticed a polar bear
  5781 | D:8      | Noticed a polar bear
  5782 | D:8      | Noticed a rime drake
  5895 | D:9      | Found Cexzahuci's Armour Boutique.
  5951 | D:9      | Reached skill level 10 in Axes
  6133 | D:9      | Found an iron altar of Okawaru.
  6147 | D:9      | Became a worshipper of Warmaster Okawaru
  6238 | D:9      | Identified the +5 rapier "Qiratz" {holy, rElec rN+ Int+3
                  | Stlth+}
  6474 | D:8      | Noticed Maurice
  6550 | D:9      | Reached * piety under Okawaru
  6551 | D:9      | Reached skill level 1 in Invocations
  6551 | D:9      | Reached XP level 10. HP: 81/90 MP: 9/9
  7409 | D:8      | Noticed Gastronok
  7425 | D:10     | Entered Level 10 of the Dungeon
  7474 | D:10     | Found a runed translucent gate.
  7474 | D:10     | Found a runed translucent gate.
  7477 | D:10     | Found a runed translucent gate.
  7514 | D:10     | Noticed a gargoyle
  7518 | D:10     | Killed a gargoyle
  7621 | D:10     | Noticed Erica
  7634 | D:10     | Killed Erica
  7634 | D:10     | Reached ** piety under Okawaru
  8167 | D:10     | Noticed mezmerelda's ghost (novice HOFi)
  8281 | D:8      | Noticed Joseph
  8292 | D:8      | Killed Joseph
  8723 | D:8      | Reached *** piety under Okawaru
  8736 | D:8      | Killed Maurice
  8737 | D:8      | Reached XP level 11. HP: 92/99 MP: 9/12
  8791 | Lair:1   | Entered Level 1 of the Lair of Beasts
  8990 | Lair:1   | Reached skill level 10 in Armour
  8999 | Lair:1   | Reached skill level 10 in Fighting
  9064 | Lair:1   | Reached **** piety under Okawaru
  9083 | Lair:1   | Reached skill level 10 in Shields
  9244 | Lair:2   | Noticed a six-headed hydra
  9380 | Lair:1   | Reached ***** piety under Okawaru
 10090 | Lair:2   | Reached skill level 5 in Invocations
 10264 | Lair:2   | Received a gift from Okawaru
 10666 | Lair:2   | Reached XP level 12. HP: 96/108 MP: 14/14
 10860 | D:8      | Killed Gastronok
 10861 | D:8      | Reached skill level 1 in Throwing
 11324 | D:11     | Noticed a two-headed ogre
 11331 | D:11     | Killed a two-headed ogre
 11353 | D:11     | Found Ybaqiebegg's Armour Emporium.
 11393 | D:11     | Bought a +2 tower shield of protection for 215 gold pieces
 11412 | D:11     | Found a runed translucent gate.
 11412 | D:11     | Found a runed translucent gate.
 11412 | D:11     | Found a runed translucent gate.
 11412 | D:11     | Noticed an 11-headed hydra
 11412 | D:11     | Noticed Biscolet's ghost (journeyman FoHu)
 11413 | D:11     | Noticed an 11-headed hydra
 11569 | D:11     | Reached skill level 15 in Axes
 12204 | D:11     | Found a staircase to the Orcish Mines.
 12661 | D:12     | Found Fedialeciu's Magic Scroll Shop.
 12951 | D:12     | Reached ****** piety under Okawaru
 12981 | D:12     | Acquired the +7 broad axe of Accord {speed, rN++ Str+3}
 12981 | D:12     | Received a gift from Okawaru
 12984 | D:12     | Acquired the +8 orange crystal plate armour {Archmagi,
                  | Int+3 Clar}
 12984 | D:12     | Received a gift from Okawaru
 12984 | D:12     | Found the +8 orange crystal plate armour {Archmagi, Int+3
                  | Clar}
 13343 | D:12     | Noticed a boulder beetle
 13352 | D:12     | Killed a boulder beetle
 13352 | D:12     | Received a gift from Okawaru
 13470 | D:12     | Identified the amulet of Nompo {Acrobat rPois Regen+ Str+4
                  | Dex-3}
 13782 | Lair:2   | Killed a six-headed hydra
 13932 | Lair:2   | Found a staircase to the Swamp.
 13932 | Lair:2   | Noticed a ghost crab
 13932 | Lair:2   | Noticed a ghost crab
 13980 | Lair:2   | Killed a ghost crab
 14213 | Lair:2   | Killed a ghost crab
 14319 | Lair:3   | Reached XP level 13. HP: 118/118 MP: 15/15
 14853 | Lair:3   | Found a staircase to the Snake Pit.
 15034 | Lair:4   | Received a gift from Okawaru
 15044 | Lair:4   | Reached skill level 5 in Throwing
 16034 | Lair:5   | Entered Level 5 of the Lair of Beasts
 16053 | Lair:5   | Found a staircase to the Slime Pits.
 16062 | Lair:5   | Received a gift from Okawaru
 16298 | Lair:5   | Received a gift from Okawaru
 16412 | Lair:5   | Reached XP level 14. HP: 129/129 MP: 16/16
 16583 | Lair:5   | Received a gift from Okawaru
 17002 | Lair:5   | Received a gift from Okawaru
 17015 | Lair:5   | Found a corrupted altar of Lugonu.
 17015 | Lair:5   | Found a one-way gate to the infinite horrors of the Abyss.
 17577 | Orc:1    | Entered Level 1 of the Orcish Mines
 17632 | Orc:1    | Noticed Fannar
 17642 | Orc:1    | Killed Fannar
 17846 | Orc:1    | Noticed an orc warlord
 17864 | Orc:1    | Killed an orc warlord
 17864 | Orc:1    | Received a gift from Okawaru
 17989 | Orc:1    | Found a bloodstained altar of Trog.
 18059 | Orc:2    | Entered Level 2 of the Orcish Mines
 18059 | Orc:2    | Noticed Josephine
 18076 | Orc:2    | Killed Josephine
 18249 | Orc:2    | Found Enocuhu's General Store.
 18280 | Orc:2    | Found a staircase to the Elven Halls.
 18360 | Orc:2    | Found Ujicwet's General Store.
 18364 | Orc:2    | Received a gift from Okawaru
 18419 | Orc:2    | Reached XP level 15. HP: 138/139 MP: 19/19
 18443 | Orc:2    | Found Leychoc's Jewellery Emporium.
 18444 | Orc:2    | Found Faskeb's Jewellery Boutique.
 18445 | Orc:2    | Found Xilipyts's Distillery.
 18454 | Orc:2    | Found Xakhlax's Jewellery Boutique.
 18481 | Orc:2    | Found Lidipp's Antique Armour Shoppe.
 18843 | Orc:2    | Bought the ring of Letippej {rPois rN+ rCorr Int-5 Dex+7}
                  | for 475 gold pieces
 18864 | Orc:2    | Bought the ring "Jecahoc" {Fire Will+} for 413 gold pieces
 19098 | D:13     | Found a runed translucent gate.
 19098 | D:13     | Found a runed translucent gate.
 19098 | D:13     | Found a runed translucent gate.
 19103 | D:13     | Noticed HilariousDeathArtist's ghost (journeyman VSBe)
 19148 | D:13     | Received a gift from Okawaru
 19339 | D:13     | Noticed Jorgrun
 19358 | D:13     | Killed Jorgrun
 19625 | D:13     | Paralysed by an ogre mage for 4 turns
 19642 | D:13     | Paralysed by something for 4 turns
 19654 | D:13     | Received a gift from Okawaru
 19697 | D:13     | Found a gate to the Vaults.
 20237 | D:14     | Reached skill level 15 in Fighting
 20303 | D:14     | Reached skill level 15 in Armour
 20421 | D:14     | Received a gift from Okawaru
 20631 | D:14     | Reached skill level 15 in Shields
 20795 | D:14     | Received a gift from Okawaru
 21035 | D:15     | Entered Level 15 of the Dungeon
 21119 | D:15     | Found a staircase to the Depths.
 21444 | D:15     | Received a gift from Okawaru
 21473 | D:15     | Reached XP level 16. HP: 150/150 MP: 21/21
 21965 | D:15     | Identified a scroll of acquirement
 21967 | D:15     | Acquired 1370 gold pieces
 22129 | D:11     | Noticed Lodul
 22140 | D:11     | Killed Lodul
 22347 | Snake:1  | Entered Level 1 of the Snake Pit
 22622 | Snake:1  | Noticed Asterion
 22637 | Snake:1  | Noticed an Executioner
 22647 | Snake:1  | Killed Asterion
 22730 | Snake:1  | Received a gift from Okawaru
 23087 | Snake:1  | Reached skill level 10 in Throwing
 23164 | Snake:1  | Noticed Azrael
 23187 | Snake:1  | Killed Azrael
 23187 | Snake:1  | Received a gift from Okawaru
 23736 | Snake:2  | Noticed Vashnia
 23745 | Snake:2  | Killed Vashnia
 23745 | Snake:2  | Received a gift from Okawaru
 23895 | Snake:2  | Identified the serpent talisman of the Endless Expanse
                  | {rElec rF+++ Dex+2 Slay-4}
 23895 | Snake:2  | Noticed Aizul
 23917 | Snake:2  | Killed Aizul
 24194 | Snake:2  | Received a gift from Okawaru
 24232 | Snake:2  | Found Xoewnila's Antique Weapon Boutique.
 24234 | Snake:2  | Found Bukitir's Weapon Shop.
 24236 | Snake:2  | Found Quir's Weapon Boutique.
 24551 | Snake:2  | You fall into a shaft and drop 1 floor!
 24635 | Snake:3  | Found Xoomeh's Antique Weapon Shoppe.
 24831 | Snake:2  | Reached XP level 17. HP: 158/162 MP: 22/22
 24850 | Snake:2  | Noticed Saint Roka
 24856 | Snake:2  | Paralysed by an orc sorcerer for 3 turns
 24886 | Snake:2  | Killed Saint Roka
 24967 | Snake:2  | Received a gift from Okawaru
 25557 | Snake:2  | Got the Codex of Glamour
 25568 | Snake:2  | Identified the +0 leather armour of Subjectivity {rN+
                  | Slay+2}
 25613 | Snake:2  | Identified the +2 scale mail of Plog {Str+3}
 26483 | Snake:3  | Received a gift from Okawaru
 26577 | Snake:3  | Found Ythoh's Mayhem Merchandise.
 27260 | Snake:4  | Entered Level 4 of the Snake Pit
 27287 | Snake:4  | Received a gift from Okawaru
 27661 | Snake:4  | Received a gift from Okawaru
 28004 | Snake:4  | Reached XP level 18. HP: 176/176 MP: 23/23
 28126 | Snake:4  | Got a serpentine rune of Zot
 28489 | Snake:4  | Received a gift from Okawaru
 29237 | Swamp:1  | Entered Level 1 of the Swamp
 29822 | Swamp:1  | Noticed Donald
 29838 | Swamp:1  | Killed Donald
 30267 | Swamp:2  | Identified the +2 pair of boots of Ytentyb {Rampage rC-
                  | Slay+2 SInv}
 30650 | Swamp:2  | Received a gift from Okawaru
 31406 | Swamp:3  | Received a gift from Okawaru
 32063 | Swamp:4  | Entered Level 4 of the Swamp
 32088 | Swamp:4  | Noticed Bai Suzhen
 32128 | Swamp:4  | Killed Bai Suzhen
 32330 | Swamp:4  | Received a gift from Okawaru
 32498 | Swamp:4  | Reached skill level 10 in Invocations
 32733 | Swamp:4  | Reached XP level 19. HP: 179/185 MP: 20/25
 32852 | Swamp:4  | Got a decaying rune of Zot
 32881 | Swamp:4  | Received a gift from Okawaru
 33413 | Vaults:1 | Entered Level 1 of the Vaults
 33934 | Vaults:1 | Found Qeyvvie's Jewellery Boutique.
 33941 | Vaults:1 | Bought the ring "Jaix" {Fire rElec Str-5 Dex+3 Stlth+} for
                  | 564 gold pieces
 34070 | Vaults:1 | Received a gift from Okawaru
 34434 | Vaults:1 | Received a gift from Okawaru
 34554 | Vaults:1 | Found Xyzxoddy's General Store.
 35494 | Vaults:2 | Identified the +0 chain mail of Ulus {SInv}
 35579 | Vaults:2 | Noticed Boris
 35598 | Vaults:2 | Killed Boris
 35759 | Vaults:2 | Received a gift from Okawaru
 35913 | Vaults:2 | Found a staircase to the Crypt.
 35913 | Vaults:2 | Found an ancient bone altar of Kikubaaqudgha.
 35913 | Vaults:2 | Found a basalt altar of Yredelemnul.
 36700 | Vaults:3 | Reached XP level 20. HP: 198/198 MP: 27/27
 37095 | Vaults:3 | Received a gift from Okawaru
 37821 | Vaults:4 | Received a gift from Okawaru
 38154 | Vaults:4 | Found the +9 sword of Power {lifebolt}
 38173 | Vaults:4 | Received a gift from Okawaru
 39012 | Depths:1 | Entered Level 1 of the Depths
 39255 | Depths:1 | Received a gift from Okawaru
 39345 | Depths:1 | Found a gateway to Hell.
 39853 | Depths:1 | Reached XP level 21. HP: 207/207 MP: 29/29
 40038 | Depths:1 | Found a runed translucent door.
 40041 | Depths:1 | Noticed Polaczum's ghost (adept TrMo)
 40047 | Depths:1 | Received a gift from Okawaru
 40074 | Depths:1 | Killed Polaczum's ghost
 40148 | Depths:1 | Found a one-way gateway to a ziggurat.
 40375 | Depths:1 | Identified the +0 robe "Vaqo" {Harm Will+++ Str-3 Int+5}
 40381 | Depths:1 | Identified the +3 plate armour of Impatience {rF++ Str-5
                  | Int+4}
 40392 | Depths:1 | Found Qiumoad's Book Shoppe.
 40392 | Depths:1 | Found Urean's Jewellery Boutique.
 40393 | Depths:1 | Found Zeuw Fil's Jewellery Boutique.
 40403 | Depths:1 | Bought a ring of protection from cold for 325 gold pieces
 40597 | Depths:2 | Gained mutation: Your spells are a little harder to cast,
                  | but a little more powerful. [a cacodemon]
 40599 | Depths:2 | Gained mutation: You sometimes lose your temper in combat.
                  | [a cacodemon]
 40611 | Depths:2 | Gained mutation: You are weak. (Str -2) [a cacodemon]
 41097 | Depths:2 | Paralysed by a vampire knight for 2 turns
 41101 | Depths:2 | Paralysed by a vampire knight for 5 turns
 41128 | Depths:2 | Received a gift from Okawaru
 41356 | Depths:2 | Found Viun's Neck Hole.
 41527 | Depths:2 | Noticed a juggernaut
 41529 | Depths:2 | Noticed a juggernaut
 41556 | Depths:2 | Killed a juggernaut
 41557 | Depths:2 | Killed a juggernaut
 41557 | Depths:2 | Received a gift from Okawaru
 41894 | Depths:2 | Received a gift from Okawaru
 41961 | Depths:2 | Noticed a juggernaut
 41977 | Depths:2 | Killed a juggernaut
 42021 | Depths:2 | Identified the ring "Tuiklif" {EV+5 Str+2}
 42023 | Depths:2 | Identified the +2 halberd of Risofaon {freeze, SInv}
 42024 | Depths:2 | Identified the +1 quarterstaff "Nuvonidu" {spect, rC++
                  | Will-}
 42200 | Depths:2 | Found a one-way gate leading to the halls of Pandemonium.
 42322 | Depths:2 | Noticed a caustic shrike
 42347 | Depths:2 | Killed a caustic shrike
 42356 | Depths:2 | Reached XP level 22. HP: 208/219 MP: 25/30
 42520 | Abyss:3  | Found a corrupted altar of Lugonu.
 42520 | Abyss:3  | Cast into level 3 of the Abyss (an occultist)
 42539 | Depths:3 | Escaped the Abyss
 42797 | Depths:3 | Noticed a golden dragon
 42812 | Depths:3 | Killed a golden dragon
 42819 | Depths:3 | Noticed a caustic shrike
 42829 | Depths:4 | Entered Level 4 of the Depths
 42836 | Depths:4 | Killed a caustic shrike
 42858 | Depths:4 | Received a gift from Okawaru
 42985 | Depths:3 | Identified the +8 short sword "Spiderbane" {drain, rPois
                  | rF++ rC- Str+2}
 43060 | Depths:3 | Found Siecuut's Armour Shoppe.
 43406 | Depths:3 | Identified the +3 chain mail "Woutet" {Harm rF+ Str+6}
 43413 | Depths:3 | Identified the +3 rapier "Ger Itum" {venom, rPois Will+
                  | Dex-4}
 43982 | Depths:4 | Found a gate to the Realm of Zot.
 44171 | Depths:4 | Received a gift from Okawaru
 44526 | Depths:4 | Found Magokedgh's Distillery.
 44553 | Depths:4 | Bought 2 potions of cancellation for 272 gold pieces
 44553 | Depths:4 | Bought a potion of haste for 170 gold pieces
 45080 | Elf:1    | Entered Level 1 of the Elven Halls
 45115 | Orc:2    | Reached skill level 15 in Throwing
 45581 | Elf:1    | Paralysed by an air elemental for 1 turns
 45662 | Elf:1    | Found Micapoas's Gadget Gallery.
 45718 | Elf:1    | Paralysed by an air elemental for 1 turns
 45929 | Elf:1    | Received a gift from Okawaru
 46148 | Elf:2    | Found Zolid's Weapon Boutique.
 46171 | Elf:2    | Paralysed by an air elemental for 1 turns
 46343 | Elf:2    | Found a runed translucent gate.
 46344 | Elf:2    | Found a runed translucent gate.
 46344 | Elf:2    | Found a runed translucent gate.
 46461 | Elf:2    | Found Yrphuimee's Armour Shoppe.
 46768 | Elf:2    | Received a gift from Okawaru
 46800 | Elf:2    | Reached XP level 23. HP: 216/232 MP: 31/31
 46830 | Elf:2    | Identified the +9 chain mail of the Barnacle {Int+5}
 46842 | Elf:2    | Found a corrupted altar of Lugonu.
 47735 | Elf:3    | Entered Level 3 of the Elven Halls
 47894 | Elf:3    | Received a gift from Okawaru
 47953 | Elf:3    | Found Ror Gaod's Jewellery Emporium.
 47970 | Elf:3    | Found Wanai's Antique Armour Shoppe.
 48635 | Abyss:3  | Cast into level 3 of the Abyss (a deep elf demonologist)
 48680 | Abyss:3  | Found a corrupted altar of Lugonu.
 48824 | Abyss:3  | Gained mutation: You are frail. (-10% HP) [a neqoxec]
 48910 | Abyss:3  | Found a corrupted altar of Lugonu.
 48958 | Elf:3    | Escaped the Abyss
 49095 | Elf:3    | Received a gift from Okawaru
 49096 | Abyss:3  | Cast into level 3 of the Abyss (a deep elf sorcerer)
 49459 | Elf:3    | Escaped the Abyss
 49472 | Elf:3    | Identified the +6 battleaxe of Execution {elec, rElec
                  | Will+}
 49821 | Elf:3    | Identified the +10 hand axe "Eliuhule" {flame, *Noise rElec
                  | Dex+5 Stlth+}
 49907 | Elf:2    | Received a gift from Okawaru
 49973 | Elf:3    | Paralysed by an air elemental for 1 turns
 49977 | Elf:2    | Paralysed by an air elemental for 1 turns
 50146 | Elf:3    | Identified the orb of Moudgh {guile, rC- Regen+ Summ}
 50163 | Elf:3    | Identified the +6 shortbow of Yfoomigg {drain, rElec}
 50220 | Elf:3    | Identified the ring "Esomuc" {rF+ AC+4 Str+2 Dex+3}
 50226 | Elf:3    | Identified the ring of Liberalism {+Blink rPois Will+}
 50227 | Elf:3    | Identified the +0 leather armour of Eleoboor {Str+3 Dex+5
                  | Stlth+}
 50525 | Elf:3    | Got the Vademecum on Gathered Conjuration
 50934 | Vaults:5 | Entered Level 5 of the Vaults
 51294 | Arena    | Entered the Arena
 51383 | Vaults:5 | Reached XP level 24. HP: 218/218 MP: 24/31
 51392 | Vaults:5 | Received a gift from Okawaru
 51450 | Vaults:5 | Noticed an ancient lich
 51812 | Vaults:5 | Identified the +7 great mace of Malum In Se {flame, +Blink
                  | rC+ Str+3 Dex+2}
 51911 | Vaults:5 | Killed an ancient lich
 51936 | Arena    | Entered the Arena
 52950 | Vaults:5 | Identified the staff of Ignis, Hurtling {rC+ rN+ Int+4
                  | Necro}
 52994 | Vaults:5 | Identified the +2 dire flail of Dishonour {elec, Int+4
                  | SInv}
 53110 | Vaults:5 | Got a silver rune of Zot
 53196 | Vaults:5 | Got the Codex of Astrapomancy
 53253 | Vaults:5 | Received a gift from Okawaru
 53305 | Vaults:5 | Identified the staff "Sumiuluwn" {*Slow rN+ Int+6 Stlth+
                  | Summ Necro}
 53346 | Vaults:5 | Got Faroen's Grimoire of the Queen Bee and Nonlocality
 53350 | Vaults:5 | Identified the +0 robe of the Villain {+Inv}
 53399 | Vaults:5 | Got the Treatise on Battling
 53891 | Hell     | Entered the Vestibule of Hell
 53891 | Hell     | Noticed Geryon
 53973 | Zot:1    | Entered Level 1 of the Realm of Zot
 54398 | Zot:1    | Received a gift from Okawaru
 54909 | Arena    | Entered the Arena
 55824 | Zot:1    | Received a gift from Okawaru
 56343 | Zot:2    | Reached XP level 25. HP: 187/229 MP: 20/31
 57163 | Zot:2    | Received a gift from Okawaru
 57173 | Zot:2    | Found a transporter.
 57178 | Zot:2    | Identified the +1 cloak of Dramatic Exits {rC+ Regen+
                  | Dex+2}
 57180 | Zot:2    | Noticed Alunk's ghost (legendary GnFi)
 57188 | Zot:2    | Identified the +0 cloak "Imoimp" {MP+9 Dex+3}
 57197 | Zot:2    | Found a transporter.
 57504 | Zot:2    | Found a bloodstained altar of Trog.
 58693 | Zot:2    | Reached skill level 27 in Fighting
 58736 | Zot:3    | Received a gift from Okawaru
 58740 | Zot:3    | Reached skill level 27 in Armour
 58823 | Zot:3    | Reached skill level 27 in Shields
 58840 | Zot:3    | Reached skill level 1 in Dodging
 60010 | Zot:4    | Reached skill level 5 in Dodging
 60503 | Zot:4    | Noticed a Killer Klown
 60505 | Zot:4    | Received a gift from Okawaru
 60506 | Zot:4    | Killed a Killer Klown
 60960 | Zot:5    | Entered Level 5 of the Realm of Zot
 61032 | Zot:5    | Found a transporter.
 61039 | Zot:5    | Found a transporter.
 61209 | Zot:5    | Found a transporter.
 61362 | Zot:5    | Noticed an ancient lich
 61509 | Zot:5    | Noticed an orb of fire
 61511 | Zot:5    | Lost mutation: Your spells are a little harder to cast, but
                  | a little more powerful. [an orb of fire]
 61523 | Zot:5    | Gained mutation: You are occasionally teleported next to
                  | monsters. [an orb of fire]
 61542 | Zot:5    | Gained mutation: You are very weak. (Str -4) [an orb of
                  | fire]
 61543 | Zot:5    | Killed an orb of fire
 61624 | Zot:5    | Reached skill level 10 in Dodging
 61625 | Zot:5    | Noticed an orb of fire
 61665 | Zot:5    | Noticed an orb of fire
 61666 | Zot:5    | Gained mutation: You are very frail. (-20% HP) [an orb of
                  | fire]
 61674 | Zot:5    | Killed an orb of fire
 61675 | Zot:5    | Gained mutation: Your body sometimes deteriorates upon
                  | taking damage. [an orb of fire]
 61684 | Zot:5    | Killed an orb of fire
 61687 | Zot:5    | Found a transporter.
 61856 | Zot:5    | Received a gift from Okawaru
 61926 | Zot:5    | Noticed a dread lich
 61944 | Zot:5    | Killed a dread lich
 62005 | Zot:5    | Reached XP level 26. HP: 212/212 MP: 31/31
 62017 | Zot:5    | Noticed an orb of fire
 62035 | Zot:5    | Gained mutation: You are extremely frail. (-30% HP) [an orb
                  | of fire]
 62045 | Zot:5    | Gained mutation: You are vulnerable to heat. (rF-) [an orb
                  | of fire]
 62050 | Zot:5    | Killed an orb of fire
 62146 | Zot:5    | Noticed an orb of fire
 62173 | Zot:5    | Killed an orb of fire
 62200 | Zot:5    | Noticed an orb of fire
 62200 | Zot:5    | Gained mutation: You are clumsy. (Dex -2) [an orb of fire]
 62208 | Zot:5    | Gained mutation: You have an uncontrollable temper. [an orb
                  | of fire]
 62216 | Zot:5    | Gained mutation: Your magical capacity is low. (-10% MP)
                  | [an orb of fire]
 62221 | Zot:5    | Killed an orb of fire
 62248 | Arena    | Entered the Arena
 62444 | Zot:5    | Got the Orb of Zot
 62485 | Zot:5    | Reached skill level 15 in Dodging
 62509 | Zot:5    | Killed an ancient lich
 62554 | Zot:5    | Noticed an orb of fire
 62571 | Zot:5    | Killed an orb of fire
 62623 | Zot:5    | Noticed an ancient lich
 63273 | D:11     | Noticed Gawuerph the pandemonium lord
 63552 | D:6      | Gained mutation: Your magical capacity is very low. (-20%
                  | MP) [a cacodemon]
 63555 | D:6      | Gained mutation: Your magical capacity is extremely low.
                  | (-30% MP) [a cacodemon]
 63587 | D:3      | Noticed Innul the pandemonium lord
 63627 | D:2      | Killed Innul the pandemonium lord
 63740 | D:$      | Escaped with the Orb!

Illustrated notes

Levels and vault maps discovered:
D:1:      saegor_arrival_simple_b, layout_basic, serial_park_tiny_2,
          nicolae_titane
D:2:      layout_rooms, serial_shops, nicolae_shop_statue_plus, basic_altar,
          kennysheep_decorative_pillar, uniq_crazy_yiuf_cottage
D:3:      layout_basic, chequers_serial_rivers_micro_a
D:4:      layout_loops_ring, jmf_multi_god_temple
D:5:      layout_loops_ring, uniq_menkaure
D:6:      layout_cave_pods, minmay_temple_entry_sparse_star
D:7:      layout_basic
D:8:      layout_basic, hellmonk_lair_entry_icy, uniq_joseph, uniq_pikel,
          uniq_gastronok, uniq_maurice
D:9:      layout_irregular_city, mainiacjoe_overflow_24_doors, serial_shops,
          nicolae_shop_crystal
D:10:     layout_cave_pools, serial_column_ruins, column_ruins_hut_pillars,
          column_ruins_courtyard_long, column_ruins_open_small,
          column_ruins_grid_1, column_ruins_open_medium, column_ruins_grid_1,
          gammafunk_ghost_icy, chequers_serial_rivers_small_3, uniq_erica
D:11:     layout_loops_corners, orc_0_dummy, serial_shops, shop,
          gammafunk_ghost_hydra_chop, uniq_lodul
D:12:     layout_grid_maze, serial_shops, kennysheep_mini_moat
D:13:     layout_basic, grunt_vaults_entry_fortified,
          gammafunk_ghost_necromancy, serial_bayou_ford_a, uniq_jorgrun
D:14:     layout_long_grid, minmay_holes
D:15:     hangedman_depths_entry_try_elsewhere_first, layout_layer_cave,
          minmay_strange_pillars
Temple:   hellmonk_temple_of_storms
Lair:1:   layout_hall_layers, beast_lair_carwin_3, serial_bayou_shore_b
Lair:2:   layout_cave_pods, nicolae_swamp_entry_spooky
Lair:3:   layout_small_grid, guppyfry_snake_entry_island
Lair:4:   layout_cave_pods, nicolae_lair_grazing_beasts
          [nicolae_sub_lair_graze_edge, nicolae_sub_lair_graze_edge,
          nicolae_sub_lair_graze_edge, nicolae_sub_lair_graze_edge],
          lemuel_fruit_fields
Lair:5:   hellmonk_lair_end_abyssal_woods, layout_regular_city, slime_entry_2
Swamp:1:  layout_falls_marsh, evilmike_swamp_ruin_house_4,
          infiniplex_staircase_pool, uniq_donald
Swamp:2:  nicolae_swamp_flooded_prison, layout_basic_swamp,
          hangedman_swamp_ruin_wall, nicolae_swamp_stuck_in_the_mud
Swamp:3:  nicolae_swamp_phyte_club, layout_basic_swamp,
          nicolae_swamp_well_well_well
Swamp:4:  swamp_basic_johnstein, layout_basic_swamp, uniq_bai_suzhen
Snake:1:  nicolae_snake_hallway, layout_misc_corridors, uniq_asterion,
          uniq_azrael
Snake:2:  nicolae_aizul_guard, layout_layer_cave, nicolae_snake_naga_rites,
          minmay_shop_star, uniq_vashnia, uniq_saint_roka
Snake:3:  layout_grid_maze, portal_ice_cave_entry_dragon, serial_shops, shop,
          grunt_ministairs_13, st_stairs_5, minmay_shop_mayhem
Snake:4:  grunt_snake_rune_serpentine_throne, layout_layer_cave
Orc:1:    layout_caves, david_defended_altar_orc, uniq_fannar
Orc:2:    st_orc_open, layout_diamond_mine, serial_shops,
          nicolae_shop_hallway_stairs, shop, shop, uniq_josephine
Elf:1:    elf_arrival_002, layout_loops_cross, nicolae_elf_crossing_hall,
          nicolae_shop_gadgets
Elf:2:    nicolae_elf_blades_crystal_corner, layout_onion_city, serial_shops,
          nicolae_shop_bloodbath_and_beyond, shop, nicolae_elf_theology_debate
Elf:3:    elf_hall, layout_rooms, minmay_shoptagon, uniq_aizul
Vaults:1: hangedman_vaults_trim, v_pattern_3, v_misc_32, vaults_room_corners,
          nicolae_vaults_bisected_slash, vaults_mumra_minichess_inversion,
          nicolae_vaults_trapezoid_3, nicolae_vaults_wine_cellar,
          nicolae_vaults_little_squares_2,
          serial_library_hellmonk_reading_circle, layout_vaults_omnigrid,
          serial_shops, shop, nicolae_shop_tiny_real_fake_doors
Vaults:2: nicolae_vaults_stepped_doors, minmay_crypt_entry_necro_gods,
          nicolae_vaults_network_s, nicolae_vaults_doubleplus_tesselated,
          hangedman_vaults_hat, vaults_dpeg_emergency_exit,
          ontoclasm_vaults_decontamination, ontoclasm_vaults_tryst, v_misc_3,
          vaults_dpeg_diagonal, nicolae_vaults_storage_room_glass,
          vaults_room_door_ring, vaults_dpeg_encased_lava,
          layout_vaults_omnicross, uniq_boris
Vaults:3: nicolae_vaults_variable_pillar_hall, ontoclasm_vaults_spin,
          nicolae_vaults_steering_wheel, hangedman_vaults_snaps,
          grunt_vaults_hallway_long, nicolae_vaults_house_2,
          nicolae_vaults_closet_pinwheel_3, nicolae_vaults_little_squares_6,
          vaults_room_corners, nicolae_vaults_diagonal_hallway_9,
          layout_vaults_maze_bifur
Vaults:4: grunt_vaults_focal, v_misc_3, hangedman_vaults_nails,
          nicolae_vaults_tetromino_L_1, nicolae_vaults_tangram_2, v_misc_4,
          nicolae_vaults_tangram_1, nicolae_vaults_circle_grid_b,
          vaults_mumra_hex, nicolae_vaults_little_squares_5, serial_ice_h,
          v_misc_13, nicolae_vaults_double_plus_2,
          minmay_guarded_unrand_sword_of_power, layout_vaults_big_room
Vaults:5
Depths:1: layout_big_octagon, enter_ziggurat_d, hell_entry,
          hangedman_decor_clover_reticule, ebering_ghost_inner_flame,
          evilmike_butchery, minmay_shop_grove
Depths:2: lemuel_castle_with_subvaults [lemuel_castle_interior_original],
          layout_gridville, rand_demon_pan_entry_4,
          minmay_misc_feat_four_crosses, hell_entry,
          nicolae_shop_sticking_my_neck_out
Depths:3: minmay_the_grid_octo_triangle [minmay_the_grid_octo_horde,
          minmay_the_grid_octo_prize_big_c, minmay_the_grid_octo_teeth],
          layout_long_grid, pf_dread_powers_of_hell,
          minmay_staircase_windowed_small, grunt_pan_entry_zigzag, serial_shops,
          kennysheep_mini, abyss_entry
Depths:4: evilmike_zot_entry_argh, layout_cave_pools, serial_bayou_pond_d,
          hangedman_coc_ice_floe, serial_shops, nicolae_shop_waterfront,
          grunt_pan_entry_in_and_out
Hell
Zot:1:    layout_cellular_growth, grunt_ministairs_10
Zot:2:    layout_onion_interference, gammafunk_ghost_wrathful_warriors,
          st_stairs_10, regret_index_zotdec_twisting_globes
Zot:3:    layout_misc_corridors, hangedman_zot_decor_scrapings, zot_minivault_4
Zot:4:    minmay_elemental_castle, layout_basic
Zot:5:    layout_cathedral_of_symmetry, st_stairs_13,
          nicolae_transporter_intersection

Skill      XL: |  1  2  3  4  5  6  7  8  9 10 11 12 13 14 15 16 17 18 19 20 21 22 23 24 25 26 |
---------------+-------------------------------------------------------------------------------+-----
Axes           | 3 4 5 6 7 9 11 12 14 16 17 18 | 18.0
Shields        | 4 5 6 7 8 9 10 11 12 14 15 17 18 20 21 22 23 24 25 26 27 | 27.0
Armour         | 4 5 6 7 8 9 10 12 13 14 15 17 19 20 21 22 23 24 25 26 27 | 27.0
Fighting       | 4 5 6 7 8 9 10 12 13 14 15 17 19 20 21 22 23 24 25 26 27 | 27.0
Invocations    | 1 3 5 7 8 10 11 12 13 | 13.0
Throwing       | 4 5 7 9 10 12 14 15 16 17 18 | 18.0
Dodging        | 12 17 | 17.1

Action                     |  1- 3 |  4- 6 |  7- 9 | 10-12 | 13-15 | 16-18 | 19-21 | 22-24 | 25-27 || total
---------------------------+-------+-------+-------+-------+-------+-------+-------+-------+-------++-------
  Melee: War axe           |    83 |    91 |   247 |   231 |       |       |       |       |       ||   652
         Headbutt          |     8 |    16 |    43 |   129 |   219 |   368 |   625 |   745 |   395 ||  2548
         Broad axe         |       |       |       |   299 |   990 |  1308 |  1786 |  2304 |  1251 ||  7938
         Flail             |       |       |       |     7 |    41 |       |       |       |       ||    48
  Throw: Javelin           |       |       |       |       |       |   113 |    50 |    88 |    93 ||   344
 Invoke: Heroism           |       |       |       |     6 |     1 |     3 |       |     2 |     2 ||    14
         Receive Weapon    |       |       |       |     1 |       |       |       |       |       ||     1
         Receive Armour    |       |       |       |     1 |       |       |       |       |       ||     1
         Finesse           |       |       |       |       |     2 |     8 |    10 |    12 |     9 ||    41
         Duel              |       |       |       |       |       |       |       |     3 |     1 ||     4
  Evoke: Wand              |       |       |       |       |       |     2 |       |       |       ||     2
    Use: Scroll            |       |       |     6 |    15 |    10 |     8 |       |     7 |     2 ||    48
         Potion            |       |       |       |       |     1 |     6 |     1 |    10 |     8 ||    26
   Stab: Distracted        |       |       |       |       |       |       |     1 |       |       ||     1
 Armour: Scale mail        |    58 |    61 |   182 |    68 |       |       |       |       |       ||   369
         Ring mail         |       |       |       |   241 |       |       |       |       |       ||   241
         Crystal plate arm |       |       |       |    82 |   455 |   491 |   534 |  1082 |   441 ||  3085
  Dodge: Dodged            |    44 |    36 |    97 |   165 |   183 |   209 |   173 |   372 |   154 ||  1433
         Repelled          |       |       |       |       |     7 |    56 |     8 |    36 |    22 ||   129
  Block: Buckler           |    14 |       |       |       |       |       |       |       |       ||    14
         Kite shield       |    12 |    44 |   134 |   244 |       |       |       |       |       ||   434
         Tower shield      |       |       |       |   129 |   798 |  1218 |  1292 |  2177 |   962 ||  6576
